 Dungeon Crawl Stone Soup version 0.21-a0-521-g1cd18d1 (webtiles) character file.

155 slep the Chopper (level 5, 0/39 HPs)
             Began as a Formicid Gladiator on Dec 6, 2017.
             Slain by an ogre
             ... wielding a +0 giant spiked club
              (18 damage)
             ... on level 4 of the Dungeon.
             The game lasted 00:10:37 (3769 turns).

slep the Chopper (Formicid Gladiator)               Turns: 3769, Time: 00:10:38

Health: 0/39       AC:  6    Str: 18    XL:     5   Next: 63%
Magic:  5/5        EV: 12    Int:  8    God:
Gold:   218        SH:  0    Dex: 13    Spells: 4/4 levels left

rFire    + . .     SeeInvis +   a - +0 war axe
rCold    + . .     Gourm    .   (no shield)
rNeg     . . .     Faith    .   r - +0 ring mail
rPois    .         Spirit   .   (helmet unavailable)
rElec    .         Reflect  .   w - scarf {rC+ rF+}
rCorr    .         Harm     .   h - +0 pair of gloves
MR       .....                  (no boots)
Stlth    +.........             (no amulet)
HPRegen  0.13/turn              (no ring)
MPRegen  0.09/turn              (no ring)

@: no status effects
A: permanent stasis, dig shafts and tunnels, four strong arms, antennae 3
a: Dig, Shaft Self


You were on level 4 of the Dungeon.
You were not hungry.

You visited 1 branch of the dungeon, and saw 4 of its levels.

You collected 218 gold pieces.

Inventory:

Hand Weapons
 a - a +0 war axe (weapon)
 v - a +0 blowgun
Missiles
 c - 2 throwing nets (quivered)
 j - 8 javelins
 s - 10 poisoned needles
 x - 2 curare-tipped needles
Armour
 b - a +0 leather armour
 h - a +0 pair of gloves (worn)
 r - a +0 ring mail (worn)
 w - a scarf of resistance (worn)
Jewellery
 m - an uncursed ring of wizardry {unknown}
 u - an uncursed ring of positive energy {unknown}
Scrolls
 g - a scroll of amnesia {unknown}
 n - 2 scrolls of remove curse {unknown}
 o - 5 scrolls of identify
 t - a scroll of fear {unknown}
 y - a scroll of teleportation {unknown}
Potions
 e - 4 potions of lignification {unknown}
 f - 3 potions of haste {unknown}
 i - 2 potions of curing
 k - 2 potions of might {unknown}
 q - a potion of heal wounds {unknown}
 z - a potion of invisibility {unknown}
Books
 B - a book of Changes

   Spells                             Type                      Level
   a - Beastly Appendage              Transmutation                1
   b - Sticks to Snakes               Transmutation                2
   c - Spider Form                    Transmutation/Poison         3
   d - Ice Form                       Ice/Transmutation            4
   e - Blade Hands                    Transmutation                5
Comestibles
 d - 3 bread rations
 l - a royal jelly
 p - 3 meat rations
 A - a chunk of flesh


   Skills:
 + Level 2.5 Fighting
 + Level 4.2 Axes
 + Level 2.1 Throwing
 + Level 2.4 Armour
 + Level 3.6 Dodging
 + Level 0.7 Stealth


You had 4 spell levels left.
You didn't know any spells.

Dungeon Overview and Level Annotations

Branches:
Dungeon (4/15)
 Temple: D:4-7

Altars:
Ashenzari
Trog


Innate Abilities, Weirdness & Mutations

You cannot be hasted, slowed, berserked, paralysed or teleported.
You can dig through walls and to a lower floor.
Your four strong arms can wield two-handed weapons with a shield.
You have a pair of large antennae on your head. (SInv)


Message History

You barely miss the ogre. The ogre closely misses you.
You hit the ogre.
The ogre is lightly wounded.
The ogre misses you.
You barely miss the ogre.
The ogre is lightly wounded.
You hit the ogre.
The ogre is moderately wounded.
The ogre hits you with a giant spiked club!!
Ouch! That really hurt!
You hit the ogre but do no damage.
The ogre is moderately wounded.
The ogre completely misses you.
Throwing (i - inventory. (,) - cycle):
c - 3 throwing nets (quivered)
Press: ? - help, Shift-Dir - straight line, f - ogre
Aim: an ogre, wielding a giant spiked club (moderately wounded)
You throw a throwing net.
The throwing net barely misses the ogre.
The ogre hits you with a giant spiked club!!
You die...

#. #.## #.# ###### ##.#### #.##
## ##....# ##...## # #..##.#
##....## #.##.. #. ##.....#
##.##..### #.#...
#..#.....####.###....# ##.....
#........##..##.....###......
##.......#...................
#....(.....O@................
#................###....>......
##..........#...###............
#..####.......###.............
#.# #.#####..#..............
#.# ### ##............###. ..
#............# ##
##..######...#### #..# ###.....


You could see an ogre.

Vanquished Creatures
  9 adders
  An ooze (D:4)
  An adder skeleton (D:4)
  2 worms
  2 dart slugs
  A leopard gecko (D:1)
  A ball python (D:4)
  2 bats (D:1)
  4 giant cockroaches
  11 goblins
  7 hobgoblins
  3 quokkas
  4 frilled lizards
  7 kobolds
  5 rats
60 creatures vanquished.

Notes
Turn   | Place    | Note
-------+----------+-------------------------------------------
     0 | D:1      | slep the Formicid Gladiator began the quest for the Orb.
     0 | D:1      | Reached XP level 1. HP: 16/16 MP: 1/1
    56 | D:1      | Reached XP level 2. HP: 9/22 MP: 2/2
   735 | D:1      | Reached XP level 3. HP: 23/28 MP: 3/3
   773 | D:1      | Found a shattered altar of Ashenzari.
   923 | D:1      | Reached skill level 1 in Armour
  1348 | D:2      | Reached XP level 4. HP: 20/34 MP: 4/4
  1862 | D:2      | Reached XP level 5. HP: 15/39 MP: 5/5
  2063 | D:3      | Reached skill level 4 in Axes
  3025 | D:3      | Found a shattered altar of Ashenzari.
  3505 | D:4      | Found a bloodstained altar of Trog.
  3753 | D:4      | Noticed an ogre
  3769 | D:4      | Slain by an ogre

Vault maps used:
D:1:      grunt_arrival_lava_bath, serial_forest, infiniplex_forest_lined_2,
          infiniplex_forest_clump_double, infiniplex_forest_lined_2,
          infiniplex_forest_lined_2, nicolae_ashenzari_panopticon
D:3:      kennysheep_flooded_box
D:4:      kennysheep_little_box, grunt_ministairs_12

Skill      XL: |  1  2  3  4  5 |
---------------+----------------+-----
Dodging        | 3 |  3.6
Armour         | 1 2 |  2.4
Axes           | 4 |  4.2
Fighting       | |  2.5
Throwing       | |  2.1
Stealth        | |  0.7

Action                   |  1- 3 |  4- 6 || total
-------------------------+-------+-------++-------
Melee: War axe           |   101 |    92 ||   193
Throw: Throwing net      |       |     2 ||     2
 Abil: Dig               |     2 |       ||     2
  Use: Scroll            |     1 |       ||     1
 Stab: Sleeping          |     1 |     1 ||     2
  Eat: Chunk             |     1 |     8 ||     9
Armor: Leather armour    |    25 |    15 ||    40
       Ring mail         |       |    10 ||    10
Dodge: Dodged            |    69 |    71 ||   140

Table legend:
 A = Spawn XP
 B = Non-spawn XP
 C = Spawn XP percentage of total XP
 D = Spawn monster count
 E = Non-spawn monster count
 F = Spawn count percentage of total count
 G = Total turns spent on level
                    A         B        C        D         E        F      G
               +---------+---------+-------+---------+---------+-------+---------
         Total |       0 |     222 |   0.0 |       0 |      60 |   0.0 |  3769
               +---------+---------+-------+---------+---------+-------+---------
           D:1 |       0 |      40 |   0.0 |       0 |      23 |   0.0 |  1109
           D:2 |       0 |     102 |   0.0 |       0 |      24 |   0.0 |  1163
           D:3 |       0 |      37 |   0.0 |       0 |       7 |   0.0 |   801
           D:4 |       0 |      43 |   0.0 |       0 |       6 |   0.0 |   696
               +---------+---------+-------+---------+---------+-------+---------
